 Dungeon Crawl Stone Soup version 0.27.0-66-gdc8fb28755 (webtiles) character file.

Game seed: 5364865941631168775

18 pkoi the Magician (level 2, 0/20 HPs)
             Began as a Gnoll Hedge Wizard on Aug 20, 2021.
             Succumbed to an adder's poison
             ... on level 2 of the Dungeon.
             The game lasted 00:02:26 (1900 turns).

pkoi the Magician (Gnoll Hedge Wizard)              Turns: 1900, Time: 00:02:26

Health: 0/20       AC:  2    Str:  9    XL:     2   Next: 66%
Magic:  19/19      EV: 17    Int: 13    God:
Gold:   30         SH:  0    Dex: 11    Spells: 12/15 levels left

rFire    . . .     SeeInvis .   k - staff of earth
rCold    . . .     Faith    .   (no shield)
rNeg     . . .     Spirit   .   b - +0 robe
rPois    .         Reflect  .   c - +0 hat
rElec    .         Harm     .   (no cloak)
rCorr    .         Rampage  .   (no gloves)
Will     .....                  (no boots)
Stlth    ++........             (no amulet)
HPRegen  0.06/turn              g - +4 ring of evasion
MPRegen  0.16/turn              e - ring of magical power

@: lethally poisoned (0 -> -5)
A: fangs 1, strong nose, distributed training
a: no special abilities


You were on level 2 of the Dungeon.
You visited 1 branch of the dungeon, and saw 2 of its levels.

You collected 30 gold pieces.

Inventory:

Hand Weapons
 a - a +0 dagger
Armour
 b - a +0 robe (worn)
 c - a +0 hat (worn)
Magical Staves
 k - a staff of earth (weapon)
Jewellery
 e - a ring of magical power (right hand)
 g - a +4 ring of evasion (left hand)
Scrolls
 d - a scroll of magic mapping
Potions
 i - a potion of curing {unknown}
 j - a potion of ambrosia {unknown}


   Skills:
 + Level 0.5 Fighting
 + Level 0.5 Short Blades
 + Level 0.5 Long Blades
 + Level 0.5 Axes
 + Level 0.5 Maces & Flails
 + Level 0.5 Polearms
 + Level 0.5 Staves
 + Level 0.5 Slings
 + Level 0.5 Bows
 + Level 0.5 Crossbows
 + Level 0.5 Throwing
 + Level 0.5 Armour
 + Level 4.5 Dodging
 + Level 4.1 Stealth
 + Level 0.5 Shields
 + Level 0.5 Unarmed Combat
 + Level 7.1 Spellcasting
 + Level 2.0 Conjurations
 + Level 0.3 Hexes
 + Level 2.0 Summonings
 + Level 0.3 Necromancy
 + Level 2.0 Translocations
 + Level 0.3 Transmutations
 + Level 0.3 Fire Magic
 + Level 0.3 Ice Magic
 + Level 0.3 Air Magic
 + Level 0.3 Earth Magic
 + Level 0.3 Poison Magic
 + Level 0.6 Invocations
 + Level 0.5 Evocations


You had 12 spell levels left.
You knew the following spells:

 Your Spells              Type           Power      Damage    Failure   Level
a - Magic Dart            Conj           40%        1d5       6%          1
b - Blink                 Tloc           N/A        N/A       10%         2

Your spell library contained the following spells:

 Spells                   Type           Power      Damage    Failure   Level
 Call Imp                 Summ           10%        N/A       10%         2
 Beastly Appendage        Tmut           10%        N/A       13%         1
 Slow                     Hex            5%         N/A       21%         2
 Wereblood                Tmut           5%         N/A       21%         2
 Conjure Flame            Conj/Fire      7%         6-21      28%         3
 Mephitic Cloud           Conj/Pois/Air  7%         N/A       30%         3
 Spider Form              Tmut/Pois      2%         N/A       36%         3


Dungeon Overview and Level Annotations

Branches:
Dungeon (2/15)

Altars:

Shops:
D:1 *=[?


Innate Abilities, Weirdness & Mutations

You have very sharp teeth.
Your uncanny sense of smell can sniff out nearby items.
Your experience applies equally to all skills.


Message History

You are too injured to fight recklessly!
You are too injured to fight recklessly!
You are too injured to fight recklessly!
You are too injured to fight recklessly!
You are too injured to fight recklessly!
You are too injured to fight recklessly!
You are too injured to fight recklessly!
You are too injured to fight recklessly!
You are too injured to fight recklessly!
You are too injured to fight recklessly!
You are too injured to fight recklessly!
You are too injured to fight recklessly!
You are too injured to fight recklessly!
You are too injured to fight recklessly!
You are too injured to fight recklessly!
You are too injured to fight recklessly!
You miss the adder. Your bite misses the adder.
The adder is severely wounded.
You feel sick. The adder barely misses you. The frilled lizard misses you.
The adder bites you.
* * * LOW HITPOINT WARNING * * *
You are lethally poisoned!
The adder poisons you! The frilled lizard misses you.
You hit the adder.
The adder is almost dead.
* * * LOW HITPOINT WARNING * * *
You feel sick. The adder closely misses you.
The frilled lizard completely misses you.
The adder misses you.
Unknown command.
You miss the adder.
The adder is almost dead.
* * * LOW HITPOINT WARNING * * *
You feel sick. The adder barely misses you.
The frilled lizard unfolds its giant frill.
The frilled lizard misses you.
Unknown command.
You hit the adder.
You kill the adder!
You die...

# #.......#.##.#..........,,,,***
* ####.##...#.............,,*,* *
*..........#.?.......,*,,* *
*####............>...,,,** *
**#................,,,*
********,.................**,**
,,,,,,,,,.................**,,*
###*.....................#***,**
..#*............@†.......,,**,,**
#.##............l......##*,,*,,,*
.......................# **,**,,,
.......................# *,**,,,
........######.........#***,,,,,,
.........*,,,...........,,,,,,,,,
.<.......,,,![.........#**,,,,,,,
....#....,*##.........##**,,,,,,,
.......,#** ****,,,,,,,,,,,,,,,,,


You could see a frilled lizard.

Vanquished Creatures
  An adder (D:2)
  A bat (D:1)
  2 endoplasms (D:2)
  A giant cockroach (D:1)
  2 goblins
  2 hobgoblins (D:1)
  A ball python (D:2)
  3 frilled lizards
  2 kobolds
  3 rats
18 creatures vanquished.

Notes
Turn   | Place    | Note
-------+----------+-------------------------------------------
     0 | D:1      | pkoi the Gnoll Hedge Wizard began the quest for the Orb.
     0 | D:1      | Reached XP level 1. HP: 13/13 MP: 8/8
   135 | D:1      | Found Riesol's Jewellery Shop.
   319 | D:1      | Found Ofevyac's General Store.
   640 | D:1      | Found Delextid's Antique Armour Emporium.
  1031 | D:1      | Reached XP level 2. HP: 14/19 MP: 10/10
  1265 | D:1      | Found Aptiff's Magic Scroll Shop.
  1483 | D:2      | Found a faded altar of an unknown god.
  1761 | D:2      | Learned a level 2 spell: Blink
  1900 | D:2      | Succumbed to an adder's poison

Illustrated notes

Levels and vault maps discovered:
D:1:      psy_arrival_dodecagon, layout_basic, serial_shops, shop,
          nicolae_shop_waterfront, shop, shop
D:2:      layout_rooms, hellmonk_ecumenical_altar_inner_sanctum,
          grunt_ministairs_3

Skill      XL: |  1 |
---------------+----+-----
Conjurations   | 2 |  2.0
Summonings     | 2 |  2.0
Translocations | 2 |  2.0
Fighting       | |  0.5
Short Blades   | |  0.5
Long Blades    | |  0.5
Axes           | |  0.5
Maces & Flails | |  0.5
Polearms       | |  0.5
Staves         | |  0.5
Slings         | |  0.5
Bows           | |  0.5
Crossbows      | |  0.5
Throwing       | |  0.5
Armour         | |  0.5
Dodging        | |  4.5
Stealth        | |  4.1
Shields        | |  0.5
Unarmed Combat | |  0.5
Spellcasting   | |  7.1
Hexes          | |  0.3
Necromancy     | |  0.3
Transmutations | |  0.3
Fire Magic     | |  0.3
Ice Magic      | |  0.3
Air Magic      | |  0.3
Earth Magic    | |  0.3
Poison Magic   | |  0.3
Invocations    | |  0.6
Evocations     | |  0.5

Action                   || total
-------------------------++-------
Melee: Dagger            ||    33
       Staff             ||    47
 Cast: Magic Dart        ||     6
  Use: Scroll            ||     3
 Stab: Sleeping          ||     1
Armor: Robe              ||    11
Dodge: Dodged            ||    77
